 Dungeon Crawl Stone Soup version 0.27-a0-263-gc8dee61f84 (webtiles) character file.

Game seed: 2561737518360975628

52 siradein the Firebug (level 3, 0/28 HPs)
             Began as a Gargoyle Fire Elementalist on Feb 4, 2021.
             Slain by a goblin (1 damage)
             ... led by Robin
             ... on level 2 of the Dungeon.
             The game lasted 00:07:09 (1049 turns).

siradein the Firebug (Gargoyle Fire Elementalist)   Turns: 1049, Time: 00:07:10

Health: 0/28       AC: 21    Str:  8 (11) XL:     3   Next: 85%
Magic:  5/6        EV:  2    Int: 14 (16) God:
Gold:   60         SH:  0    Dex:  8 (10) Spells: 2/6 levels left

rFire    . . .     SeeInvis .   (no weapon)
rCold    . . .     Faith    .   (no shield)
rNeg     + + +     Spirit   .   (armour currently unavailable)
rPois    ∞         Reflect  .   (helmet currently unavailable)
rElec    .         Harm     .   (cloak currently unavailable)
rCorr    .         Rampage  .   (gloves currently unavailable)
Will     .....     NoTele   +   (boots currently unavailable)
Stlth    ++........             (no amulet)
HPRegen  0.09/turn              (no ring)
MPRegen  0.10/turn              (no ring)

@: tree-form
A: negative energy resistance 1, petrification resistance, miasma immunity, AC
+3
a: no special abilities


You were on level 2 of the Dungeon.
You were a tree.
You visited 1 branch of the dungeon, and saw 2 of its levels.

You collected 60 gold pieces.

Inventory:

Armour
 a - a +0 robe (melded)
Scrolls
 b - a scroll of amnesia {unknown}
 d - 3 scrolls of identify {unknown}
 e - a scroll of enchant weapon {unknown}
 f - a scroll of immolation {unknown}
 h - a scroll of random uselessness {unknown}
Potions
 c - 2 potions of flight
 g - a potion of lignification


   Skills:
 - Level 1.5 Dodging
 - Level 2.1 Stealth
 - Level 2.0 Spellcasting
 + Level 2.8 Conjurations
 + Level 3.9 Fire Magic


You had 2 spell levels left.
You knew the following spells:

 Your Spells              Type           Power        Failure   Level
a - Foxfire               Conj/Fire      40%          6%          1
b - Conjure Flame         Conj/Fire      10%          19%         3

Your spell library contained the following spells:

 Spells                   Type           Power        Failure   Level
 Inner Flame              Hex/Fire       6%           32%         3
 Sticky Flame             Conj/Fire      10%          52%         4
 Fireball                 Conj/Fire      5%           86%         5


Dungeon Overview and Level Annotations

Branches:
Dungeon (2/15)

Altars:

Annotations:
D:2 Robin


Innate Abilities, Weirdness & Mutations

You are resistant to torment.
((Your stone body is resilient. (AC +3)))
You are immune to poison.
You resist negative energy. (rN+)
((You are resistant to electric shocks. (rElec)))
((You can survive without breathing.))
You are immune to petrification.
You are immune to miasma.


Message History

The hobgoblin hits you but does no damage.
The goblin hits you but does no damage.
You smack the goblin!
You kill the goblin!
The giant cockroach bites you but does no damage.
The goblin hits you but does no damage. x2; The hobgoblin barely misses you.
Robin roars a battlecry!
The goblins go into a battle-frenzy!
The giant cockroach bites you but does no damage.
The goblin completely misses you.
You hear a shout!
You smack the goblin!
You kill the goblin!
The goblin no longer looks unusually strong.
The goblin hits you but does no damage. x2; The hobgoblin hits you.
* * * LOW HITPOINT WARNING * * *
The giant cockroach bites you but does no damage.
You barely miss the goblin. The goblin hits you but does no damage.
The goblin hits you.
You die...

#. #.. g...........#.##
#.. ...g........ ..# #.#
..)....... #.# #.##
.†..g... #.## #.<# #?....#
#.##.##..###
##..g.K#####..#.......#
#...†....ggg#.####..#.###
#.......ggB♣).............
#.(......ggg#..##...#....#
#...........##.##...#.####
#.....(.....##.##...# #
#...###########..#..##
#... ##.#... #... .##.##
#... .. .. #. #.


You could see Robin, a giant cockroach, 3 hobgoblins, 5 goblins and a kobold.

Vanquished Creatures
  An adder (D:2)
  An ooze (D:1)
  A dart slug (D:1)
  2 leopard geckos (D:1)
  2 giant cockroaches (D:1)
  6 goblins
  4 hobgoblins (D:1)
  3 jackals (D:1)
  2 kobolds
  5 bats (D:1)
  2 frilled lizards (D:1)
  2 rats
31 creatures vanquished.

Vanquished Creatures (others)
  72 foxfires
72 creatures vanquished.

Grand Total: 103 creatures vanquished

Notes
Turn   | Place    | Note
-------+----------+-------------------------------------------
     0 | D:1      | siradein the Gargoyle Fire Elementalist began the quest for
                  | the Orb.
     0 | D:1      | Reached XP level 1. HP: 10/10 MP: 3/3
   244 | D:1      | Reached XP level 2. HP: 15/15 MP: 0/5
   449 | D:1      | Reached XP level 3. HP: 19/19 MP: 2/6
   494 | D:1      | Learned a level 3 spell: Conjure Flame
  1025 | D:2      | Noticed Robin
  1048 | D:2      | HP: 1/28 [hobgoblin[Robin] (1)]
  1049 | D:2      | Slain by a goblin

Illustrated notes

Levels and vault maps discovered:
D:1:      scummos_arrival_simple_crosswalls, layout_rooms
D:2:      layout_basic, grunt_gozag_statues, overflow_temple_1_default,
          uniq_sigmund, uniq_robin

Skill      XL: |  1  2 |
---------------+-------+-----
Conjurations   | 2 |  2.8
Dodging        | |  1.5
Stealth        | |  2.1
Spellcasting   | |  2.0
Fire Magic     | |  3.9

Action                   || total
-------------------------++-------
Melee: Unarmed           ||     8
 Cast: Foxfire           ||    42
  Use: Potion            ||     6
Armor: Robe              ||    15
       Skin              ||    13
Dodge: Dodged            ||    35

Table legend: (Time is in decaauts)
 A = Elapsed time spent in this place.
 B = Non-inter-level travel time spent in this place.
 C = Inter-level travel time spent in this place.
 D = Time resting spent in this place.
 E = Time spent auto-exploring this place.
 F = Levels seen in this place.
 G = Mean time per level.
                   A        B        C        D        E       F      G
               +--------+--------+--------+--------+--------+-----+--------+
         Total |   1048 |   1022 |     26 |     11 |    791 |   2 |  524.0 |
       Dungeon |   1048 |   1022 |     26 |     11 |    791 |   2 |  524.0 |
               +--------+--------+--------+--------+--------+-----+--------+

Top non-repeatable levels by time:
     D:1: 988 daAuts
     D:2: 60 daAuts
